 Dungeon Crawl Stone Soup version 0.31-a0-750-gfe7b580527 (webtiles) character file.

Game seed: 15009881072212053889

568 Aneyh the Spear-Bearer (level 7, -9/41 HPs)
             Began as a Tengu Monk on Sept 14, 2023.
             Mangled by a wight
             ... wielding a +0 halberd
              (13 damage)
             ... on level 3 of the Dungeon.
             The game lasted 00:03:58 (2018 turns).

Aneyh the Spear-Bearer (Tengu Monk)                 Turns: 2018, Time: 00:03:59

Health: -9/41      AC:  3    Str: 13    XL:     7   Next: 33%
Magic:  8/8        EV: 17    Int: 11    God:
Gold:   62         SH:  0    Dex: 16    Spells: 3/6 levels left

rFire   . . .        a - +0 scythe
rCold   . . .        (shield currently unavailable)
rNeg    . . .        j - +0 robe
rPois   .            (helmet restricted)
rElec   .            (no cloak)
rCorr   .            e - +0 pair of gloves
SInv    .            (boots unavailable)
Will    .....        (no amulet)
Stlth   +            (no ring)
HPRegen 0.26/turn    (no ring)
MPRegen 0.11/turn

%: acrobat
@: flying
A: beak, talons 3, evasive flight, acrobatic
a: no special abilities


You were on level 3 of the Dungeon.
You visited 1 branch of the dungeon, and saw 3 of its levels.

You collected 62 gold pieces.

Inventory:

Hand Weapons
 a - a +0 scythe (weapon)
 b - a +0 longbow
 c - a +0 spear
 m - a +2 dagger of electrocution
 q - a +2 spectral club
Missiles
 o - a throwing net
 r - 3 poisoned darts
Armour
 d - an orb of light
 e - a +0 pair of gloves (worn)
 j - a +0 robe (worn)
Jewellery
 s - an amulet of guardian spirit
Wands
 p - a wand of flame (16)
Scrolls
 f - 3 scrolls of identify {unknown}
 g - a scroll of immolation {unknown}
 h - a scroll of fear {unknown}
 n - a scroll of poison {unknown}
Potions
 i - a potion of mutation {unknown}
 k - a potion of invisibility {unknown}
 l - a potion of curing {unknown}


   Skills:
 - Level 3.0 Fighting
 + Level 8.8 Polearms
 - Level 3.2 Dodging
 - Level 2.0 Air Magic


You had 3 spell levels left.
You knew the following spells:

 Your Spells              Type           Power      Damage    Failure   Level
a - Swiftness             Air            4%         N/A       43%         3

Your spell library contained the following spells:

 Spells                   Type           Power      Damage    Failure   Level
 Ensorcelled Hibernation  Hex/Ice        0%         N/A       47%         2
 Passwall                 Tmut/Erth      0%         N/A       47%         2


Dungeon Overview and Level Annotations

Branches:
Dungeon (3/15)

Altars:


Innate Abilities, Weirdness & Mutations

You have a beak for a mouth.
You have claws for feet.
Your magical flight helps you evade attacks. (EV +4)
You can magically evade attacks while moving or waiting.


Message History

a - a +0 scythe (weapon)
You reach to attack!
You barely miss the wight.
The wight is moderately damaged.
The wight barely misses you.
You reach to attack!
You barely miss the wight.
The wight is moderately damaged.
The wight completely misses you.
The wight hits you from afar with a +0 halberd!
The wight completely misses you. The wight completely misses you.
Found 8 stones.
The wight attacks as it pursues you!
The wight hits you with a +0 long sword.
The wight attacks as it pursues you! The wight misses you.
You closely miss the wight. Your kick misses the wight.
You peck the wight, but do no damage.
The wight is heavily damaged.
You puncture the wight!
You destroy the wight!
The wight hits you from afar with a +0 halberd!
The wight hits you with a +0 halberd!
* * * LOW HITPOINT WARNING * * *
Things that are here:
a +0 long sword; a +0 robe You hit the wight but do no damage.
The wight is moderately damaged.
The wight barely misses you.
You hit the wight but do no damage. You claw the wight, but do no damage.
The wight is moderately damaged.
The wight closely misses you.
You completely miss the wight. You peck the wight, but do no damage.
The wight is moderately damaged.
The wight hits you with a +0 halberd!
* * * LOW HITPOINT WARNING * * *
You hit the wight but do no damage. You claw the wight, but do no damage.
The wight is moderately damaged.
The wight completely misses you.
You slash the wight!
The wight is severely damaged.
The wight hits you with a +0 halberd!
You die...

..#......# # ........#
.. #......#
...#.†....####..
..#................
..#.###.......)....
............#
......#.#####z########.
.............@......(.
....#.#.#....#######.
#.......#....#
#.#.#.#......#
.....#.#...##
######.#.#)##..#
#..............#
#.####.###......# #.#
#####....


You could see a wight.

Vanquished Creatures
  Grinder (D:3)
  Sigmund (D:2)
  A wight (D:3)
  Jessica (D:3)
  Robin (D:2)
  4 adders
  2 worms (D:2)
  4 dart slugs
  An orc (D:3)
  5 endoplasms
  2 giant cockroaches (D:2)
  15 goblins
  6 hobgoblins
  4 jackals (D:2)
  6 kobolds
  5 quokkas
  A ball python (D:3)
  7 bats
  5 frilled lizards
  7 rats
79 creatures vanquished.

Notes
Turn   | Place    | Note
-------+----------+-------------------------------------------
     0 | D:1      | Aneyh the Tengu Monk began the quest for the Orb.
     0 | D:1      | Reached XP level 1. HP: 14/14 MP: 2/2
    32 | D:1      | Reached XP level 2. HP: 18/19 MP: 3/3
    87 | D:1      | Reached skill level 4 in Polearms
   288 | D:1      | Reached XP level 3. HP: 22/23 MP: 4/4
   650 | D:2      | Reached skill level 5 in Polearms
   807 | D:2      | Reached XP level 4. HP: 28/28 MP: 5/5
   932 | D:2      | Noticed Sigmund
   965 | D:2      | Killed Sigmund
   966 | D:2      | Reached skill level 7 in Polearms
   966 | D:2      | Reached XP level 5. HP: 15/32 MP: 6/6
   966 | D:2      | Reached XP level 6. HP: 18/37 MP: 7/7
  1221 | D:2      | Noticed Robin
  1229 | D:2      | Killed Robin
  1655 | D:3      | Noticed Jessica
  1664 | D:3      | Killed Jessica
  1812 | D:3      | Learned a level 3 spell: Swiftness
  1828 | D:3      | Noticed Grinder
  1834 | D:3      | Killed Grinder
  1835 | D:3      | Reached skill level 8 in Polearms
  1835 | D:3      | Gained mutation: Your magical flight helps you evade
                  | attacks. (EV +4) [Tengu growth]
  1835 | D:3      | Reached XP level 7. HP: 34/41 MP: 8/8
  2018 | D:3      | Mangled by a wight

Illustrated notes

Levels and vault maps discovered:
D:1:      eino_arrival_water_star, layout_rooms, chequers_serial_rivers_micro_d
D:2:      layout_basic, st_stairs_10, nicolae_half_adder, uniq_sigmund,
          uniq_robin
D:3:      layout_basic, eino_tiny_chamber, nrook_mini_backslash, uniq_grinder,
          uniq_jessica

Skill      XL: |  1  2  3  4  5  6 |
---------------+-------------------+-----
Polearms       | 4 5 7 8 |  8.8
Air Magic      | 2 |  2.0
Fighting       | |  3.0
Dodging        | |  3.2

Action                     |  1- 3 |  4- 6 |  7- 9 || total
---------------------------+-------+-------+-------++-------
  Melee: Spear             |   111 |    49 |       ||   160
         Kick              |    21 |    17 |     2 ||    40
         Peck              |    14 |    11 |     2 ||    27
         Halberd           |       |    50 |     9 ||    59
   Fire: Longbow           |       |    15 |    10 ||    25
    Use: Potion            |       |     1 |       ||     1
   Stab: Sleeping          |     1 |     3 |       ||     4
         Distracted        |     1 |       |       ||     1
 Armour: Robe              |    29 |    38 |     6 ||    73
  Dodge: Dodged            |    46 |    63 |     8 ||   117

Table legend: (Time is in decaauts)
 A = Elapsed time spent in this place.
 B = Non-inter-level travel time spent in this place.
 C = Inter-level travel time spent in this place.
 D = Time resting spent in this place.
 E = Time spent auto-exploring this place.
 F = Levels seen in this place.
 G = Mean time per level.
                   A        B        C        D        E       F      G
               +--------+--------+--------+--------+--------+-----+--------+
         Total |   2017 |   1971 |     46 |    276 |   1212 |   3 |  672.3 |
       Dungeon |   2017 |   1971 |     46 |    276 |   1212 |   3 |  672.3 |
               +--------+--------+--------+--------+--------+-----+--------+

Top non-repeatable levels by time:
     D:2: 1039 daAuts
     D:1: 562 daAuts
     D:3: 416 daAuts
